 Dungeon Crawl Stone Soup version 0.25-a0-544-gee0576305d (webtiles) character file.

Game seed: 5546661330620425261, levelgen mode: deterministic

410 Gargoyl the Skirmisher (level 6, -3/52 HPs)
             Began as a Centaur Abyssal Knight on Feb 20, 2020.
             Was an Elder of Lugonu.
             Slain by an ogre
             ... wielding a +0 giant spiked club
              (25 damage)
             ... on level 4 of the Dungeon.
             The game lasted 00:06:10 (4568 turns).

Gargoyl the Skirmisher (Centaur Abyssal Knight)     Turns: 4568, Time: 00:06:11

Health: -3/52      AC:  9    Str: 15    XL:     6   Next: 58%
Magic:  8/8        EV:  4    Int: 11    God:    Lugonu [****..]
Gold:   256        SH:  3    Dex: 10    Spells: 5/5 levels left

rFire    . . .     SeeInvis .   v - +1 hand axe (elec)
rCold    . . .     Gourm    .   o - +0 buckler {rPois}
rNeg     . . .     Faith    .   m - +0 chain mail
rPois    +         Spirit   .   s - +0 helmet
rElec    .         Reflect  .   (no cloak)
rCorr    .         Harm     .   (no gloves)
MR       .....                  (no barding)
Stlth    ..........             (no amulet)
HPRegen  0.17/turn              (no ring)
MPRegen  0.11/turn              (no ring)

@: very quick
A: large, hooves 3, deformed body, speed 2, tough skin 3
a: Depart the Abyss, Bend Space, Banish, Corrupt, Renounce Religion


You were on level 4 of the Dungeon.
You worshipped Lugonu.
Lugonu was greatly pleased with you.
You were hungry.

You visited 1 branch of the dungeon, and saw 5 of its levels.
You visited the Abyss 1 time.
You also visited: Sewer.

You collected 256 gold pieces.

Inventory:

Hand Weapons
 a - a +2 hand axe of freezing
 v - a +1 hand axe of electrocution (weapon)
Missiles
 i - 3 boomerangs (quivered)
Armour
 m - a +0 chain mail (worn)
 o - a +0 buckler of poison resistance (worn)
 s - a +0 helmet (worn)
Wands
 r - a wand of flame (12)
Scrolls
 d - 4 scrolls of remove curse
 e - a scroll of teleportation
 j - 9 scrolls of identify
 k - 3 scrolls of blinking {unknown}
 l - 2 scrolls of immolation
 t - 2 scrolls of magic mapping {unknown}
Potions
 b - a potion of mutation {unknown}
 f - 2 potions of might {unknown}
 g - a potion of resistance {unknown}
 h - a potion of lignification
 n - a potion of heal wounds {unknown}
 p - a potion of berserk rage {unknown}
 q - 4 potions of flight {unknown}
 u - a potion of curing
Comestibles
 c - 9 rations


   Skills:
 + Level 3.7 Fighting
 + Level 3.7 Axes
 * Level 3.1 Armour
 * Level 1.8 Dodging
 + Level 0.2 Shields
 * Level 3.3 Invocations


You had 5 spell levels left.
You didn't know any spells.
Your spell library was empty.

Dungeon Overview and Level Annotations

Branches:
Dungeon (5/15)              Sewer (visited)
 Temple: D:4-7

Altars:
Nemelex Xobeh
Wu Jian


Innate Abilities, Weirdness & Mutations

You have hooves in place of feet.
Armour fits poorly on your strangely shaped body.
You cover ground very quickly.
You have extremely tough skin. (AC +3)


Message History

The orc barely misses you. The worker ant barely misses you.
You climb upwards.
There is a stone staircase leading down here.
Unknown command.
You completely miss the ogre. Your kick misses the ogre.
You hit the worker ant.
Lightning courses through the worker ant!!
You kill the worker ant!
Lugonu accepts your kill.
You completely miss the orc.
The ogre hits you with a +0 giant spiked club!
The orc hits you but does no damage.
You barely miss the orc. The orc hits you but does no damage.
You closely miss the ogre. You kick the ogre!
The ogre is moderately wounded.
You hit the orc.
You kill the orc!
Lugonu accepts your kill.
The ogre hits you with a +0 giant spiked club!!
You die...

......####...###....# ##........
......####....##...## #........#
.......#...)..##..## ###.....##
.......#.......#...### #).....#.
...............#.....# ##.......
.......###...........# #...#..#.
.......# #...#.......# ##..##.##.
.#....####..##.##O..####....#####
.#.........##...@)....###..##
............##...##.....#...##
.........#..##..###..#.......#
....##..##..###.# #.O###....##
....#..###..###.###[[>.....##
......####......##........##
......# #...........##...##
....### #...........##.### ...##
###...###...####


You could see an ogre.

Vanquished Creatures
  A bullfrog skeleton (D:4)
  An orc wizard (D:4)
  5 worker ants
  Robin (D:3)
  5 adders
  2 river rats (D:3)
  A shadow imp (D:2)
  3 oozes
  7 worms
  2 dart slugs (D:2)
  4 leopard geckos
  6 orcs
  6 ball pythons
  7 giant cockroaches
  13 goblins
  4 hobgoblins
  12 jackals
  A quokka (D:3)
  14 bats
  6 frilled lizards
  8 kobolds
  9 rats
118 creatures vanquished.

Notes
Turn   | Place    | Note
-------+----------+-------------------------------------------
     0 | Abyss:1  | Gargoyl the Centaur Abyssal Knight began the quest for the
                  | Orb.
     0 | Abyss:1  | Reached XP level 1. HP: 19/19 MP: 2/2
    63 | Abyss:1  | Noticed a small abomination
   178 | Abyss:2  | Noticed a black mamba simulacrum
   217 | Abyss:3  | Noticed a spiny frog
   223 | Abyss:3  | Noticed a hellwing
   228 | Abyss:3  | Noticed a guardian serpent
   228 | Abyss:3  | a spiny frog changed into a guardian serpent
   245 | Abyss:3  | Found a corrupted altar of Lugonu.
   263 | Abyss:3  | Noticed a quasit
   276 | Abyss:3  | Noticed a large abomination
   284 | D:1      | Escaped the Abyss
   315 | D:1      | Reached * piety under Lugonu
   443 | D:1      | Reached XP level 2. HP: 26/26 MP: 3/3
   883 | D:2      | Reached skill level 1 in Dodging
   883 | D:2      | Reached XP level 3. HP: 16/31 MP: 4/4
  1181 | D:2      | Found a sparkling altar of Nemelex Xobeh.
  1191 | D:2      | Reached XP level 4. HP: 37/38 MP: 5/5
  1823 | D:3      | Reached ** piety under Lugonu
  2094 | D:3      | Found an ornate altar of the Wu Jian Council.
  2412 | D:3      | Reached XP level 5. HP: 43/45 MP: 7/7
  2458 | D:3      | Found a glowing drain.
  2468 | D:3      | HP: 2/45 [river rat (3)]
  2512 | Sewer    | Entered a sewer
  2827 | Sewer    | Reached *** piety under Lugonu
  3806 | D:4      | Noticed Robin
  3826 | D:3      | Killed Robin
  4153 | D:4      | Reached XP level 6. HP: 52/52 MP: 8/8
  4211 | D:4      | Reached **** piety under Lugonu
  4504 | D:5      | Entered Level 5 of the Dungeon
  4568 | D:4      | Slain by an ogre

Levels and vault maps discovered:
D:1:      dpeg_arrival_line_fractal, layout_basic, hex_medium
D:2:      layout_loops_cross, nemelex_xobeh_ov_fountains_minmay, first_ration
D:3:      layout_basic, old_standard_altar, portal_sewer_entry_b
D:4:      layout_cave_pools, uniq_robin
D:5:      layout_gridville, kennysheep_mini, vehumet_altar_wand_db,
          uniq_prince_ribbit1

Skill      XL: |  1  2  3  4  5  6 |
---------------+-------------------+-----
Axes           | 2 3 |  3.7
Dodging        | 1 |  1.8
Armour         | 2 3 |  3.1
Invocations    | 3 |  3.3
Fighting       | |  3.7
Shields        | |  0.2

Action                   |  1- 3 |  4- 6 || total
-------------------------+-------+-------++-------
Melee: Hand axe          |    81 |   203 ||   284
       Kick              |    10 |    40 ||    50
Invok: Depart the Abyss  |     1 |       ||     1
       Bend Space        |       |     2 ||     2
  Use: Scroll            |     6 |     4 ||    10
       Potion            |       |     3 ||     3
  Eat: Chunk             |       |     9 ||     9
Armor: Leather armour    |     7 |       ||     7
       Ring mail         |    33 |    19 ||    52
       Chain mail        |       |   150 ||   150
       Skin              |       |     7 ||     7
Dodge: Dodged            |    47 |    39 ||    86
Block: Buckler           |       |    22 ||    22

Table legend:
 A = Non-vault XP
 B = Vault XP
 C = Vault XP percentage of total XP
 D = Non-vault monster count
 E = Vault monster count
 F = Vault count percentage of total count
                 A         B        C        D         E       F
            +---------+---------+-------+---------+---------+-------
      Total |     444 |     142 |  24.2 |      74 |      44 |  37.3
            +---------+---------+-------+---------+---------+-------
        D:1 |      30 |       0 |   0.0 |      19 |       0 |   0.0
        D:2 |      98 |       0 |   0.0 |      19 |       0 |   0.0
        D:3 |      90 |      49 |  35.3 |      20 |       9 |  31.0
        D:4 |     223 |      19 |   7.9 |      15 |      10 |  40.0
        D:5 |       3 |       0 |   0.0 |       1 |       0 |   0.0
      Sewer |       0 |      74 | 100.0 |       0 |      25 | 100.0
            +---------+---------+-------+---------+---------+-------
